Maple Leafs vs Devils
Created - 17 avril 2015 at 19:00
Goals
|
| Maple Leafs |
0 |
2 |
2 |
4 |
| Devils |
1 |
1 |
0 |
2 |
|
Shots
|
| Maple Leafs |
9 |
13 |
7 |
29 |
| Devils |
14 |
9 |
13 |
36 |
|
1st period
1. Devils , Radim Vrbata 1 (Stephen Weiss, Guillaume Latendresse) at 16:23 (PP)
Penalties :
Mike Lundin (NJD) for Roughing (Minor) at 12:44, Rob Schremp (Tor) for Hooking (Minor) at 15:32
2nd period
2. Maple Leafs , Byron Bitz 1 (Fabian Brunnstrom, Rob Schremp) at 6:00 (PP)
3. Maple Leafs , Matt Pettinger 1 (Dion Phaneuf) at 9:20
4. Devils , Vincent Lecavalier 2 (Zach Parise) at 9:31
Penalties :
Byron Bitz (Tor) for Hooking (Minor) at 2:45, Ladislav Nagy (NJD) for Tripping (Minor) at 5:06, Lubomir Visnovsky (Tor) for Tripping (Minor) at 9:39, Noah Welch (Tor) for Diving (Minor) at 16:20
3rd period
5. Maple Leafs , Fabian Brunnstrom 1 (Tobias Enstrom, Byron Bitz) at 7:05
6. Maple Leafs , Fabian Brunnstrom 2 (Byron Bitz, Rob Schremp) at 12:02 (PP)
Penalties :
Dion Phaneuf (Tor) for Holding (Minor) at 0:22, Lubomir Visnovsky (Tor) for Hooking (Minor) at 1:59, Brendan Morrison (Tor) for Interference (Minor) at 7:54, Michael Frolik (NJD) for Hooking (Minor) at 11:23, Brendan Morrison (Tor) for Interference (Minor) at 14:00
Goalie Stats
Marc-André Fleury (Tor), 34 saves from 36 shots - (0,944), W, 1-1-0, 60:00 minutes
Dan Ellis (NJD), 25 saves from 29 shots - (0,862), L, 0-1-0, 60:00 minutes
Players Stats for Maple Leafs
Player Name G A P +/- PIM S H SB GA TA FO MP PP MP PK MP
------------------------------------------------------------------------------------
Alexander Frolov 0 0 0 -1 0 3 4 1 0 0 1/3 21:01 2:03 4:58
Blake Comeau 0 0 0 0 0 2 0 0 0 0 1/2 9:29 0:00 3:28
Braydon Coburn 0 0 0 -1 0 0 1 1 0 1 0/0 20:12 0:57 6:09
Brendan Morrison 0 0 0 -1 4 3 0 0 0 1 10/27 20:32 2:03 4:34
Byron Bitz 1 2 3 1 2 5 4 0 3 0 1/1 17:07 1:29 2:29
Claude Giroux 0 0 0 -1 0 4 0 1 0 0 10/17 27:16 2:03 6:57
Cody Franson 0 0 0 1 0 0 0 0 0 0 0/0 4:09 0:00 1:20
Colby Armstrong 0 0 0 1 0 3 2 1 0 0 0/0 9:54 0:00 0:00
Dion Phaneuf 0 1 1 2 2 1 1 1 0 1 0/0 28:37 2:35 6:40
Fabian Brunnstrom 2 1 3 1 0 3 1 0 1 1 0/0 16:14 1:29 2:01
Justin Abdelkader 0 0 0 0 0 0 1 0 0 0 0/0 6:13 0:00 0:59
Lubomir Visnovsky 0 0 0 -1 4 0 0 0 0 0 0/0 18:17 0:57 4:12
Matt Pettinger 1 0 1 1 0 1 2 0 1 0 0/0 10:02 0:00 0:00
Noah Welch 0 0 0 0 2 0 2 1 0 0 0/0 9:42 0:00 0:00
Rob Schremp 0 2 2 1 2 1 1 0 0 0 6/15 16:24 1:29 2:27
Ryan Carter 0 0 0 1 0 1 2 0 0 0 1/8 10:31 0:00 0:29
Taylor Chorney 0 0 0 0 0 0 2 1 0 1 0/0 11:46 0:00 2:09
Tobias Enstrom 0 1 1 1 0 2 0 2 0 0 0/0 27:42 2:35 8:13
Players Stats for Devils
Player Name G A P +/- PIM S H SB GA TA FO MP PP MP PK MP
------------------------------------------------------------------------------------
Ben Lovejoy 0 0 0 0 0 3 2 2 1 1 0/0 27:29 8:28 1:20
Brad Ference 0 0 0 0 0 1 1 1 0 0 0/0 14:49 1:07 2:15
Chris Mcallister 0 0 0 -1 0 1 0 0 0 0 3/6 8:13 0:47 0:53
Greg Stewart 0 0 0 -1 0 2 0 0 0 0 1/1 6:45 0:00 0:00
Guillaume Latendresse 0 1 1 -1 0 2 3 0 0 0 0/1 20:12 6:30 2:39
Jason Arnott 0 0 0 0 0 1 1 0 0 0 6/12 11:42 0:49 2:39
Jay Bouwmeester 0 0 0 -1 0 2 2 2 1 0 0/0 29:33 7:31 1:17
Ladislav Nagy 0 0 0 0 2 2 0 0 0 0 0/0 8:29 0:00 0:00
Matt Smaby 0 0 0 0 0 0 0 0 0 1 0/0 3:11 0:00 0:00
Maxim Afinogenov 0 0 0 1 0 2 2 1 1 0 3/3 23:54 7:05 0:53
Michael Frolik 0 0 0 -1 2 1 0 0 0 0 2/3 11:31 0:00 0:00
Mike Komisarek 0 0 0 -1 0 2 2 1 0 1 0/0 25:41 5:44 1:17
Mike Lundin 0 0 0 0 2 0 1 0 0 1 0/0 19:17 5:54 0:55
Patrick Eaves 0 0 0 -1 0 1 0 0 0 0 0/0 7:24 0:47 0:00
Radim Vrbata 1 0 1 0 0 4 0 1 1 0 0/0 14:30 6:30 0:00
Stephen Weiss 0 1 1 -1 0 1 4 0 0 0 10/15 17:39 6:30 0:00
Vincent Lecavalier 1 0 1 1 0 5 1 0 0 0 18/32 23:05 7:03 0:00
Zach Parise 0 1 1 1 0 6 1 0 1 1 0/0 23:01 7:05 0:00
3 Stars
1 - Fabian Brunnstrom (Tor)
2 - Byron Bitz (Tor)
3 - Matt Pettinger (Tor)
Power Play
Maple Leafs - 2 on 3 Attempt(s) - 66,67%
Devils - 1 on 8 Attempt(s) - 12,50%
Penalty Kill
Maple Leafs - 7 on 8 Attempt(s) - 87,50%
- Score 0 goal in Penalty Kill
Devils - 1 on 3 Attempt(s) - 33,33%
- Score 0 goal in Penalty Kill
Team Stat
Maple Leafs - Hits : 23 - Faceoff Wins : 30 - Blocked Shots : 9 - Penalty Minutes : 16
Devils - Hits : 20 - Faceoff Wins : 43 - Blocked Shots : 8 - Penalty Minutes : 6
Official
Referees : Dwyer Gord and McCreary Bill
Linesman : Jay Sharrers and Mark Pare
Game Notes
Matt Smaby is injured at 19:42 of 1st period (Bruised Left Leg)
7:39 of 3rd period - Devils goal is going for a video replay. After video review, No Goal. The goalkeeper has been pushed into the net together with the puck after making a save.
Finance
Level 1 -- Attendance: 6000 (100,00%) -- Ticket Income 510 000 $
Level 2 -- Attendance: 5000 (100,00%) -- Ticket Income 260 000 $
Level 3 -- Attendance: 2000 (100,00%) -- Ticket Income 56 000 $
Level 4 -- Attendance: 4000 (100,00%) -- Ticket Income 80 000 $
Luxury Box -- Attendance: 1000 (100,00%) -- Ticket Income 170 000 $
Game was played at the The prudential Center'
Total Attendance: 18000 (100,00%)
Total Ticket Income: 1 076 000 $
Other Income: 161 400 $
Total Income: 1 237 400 $
Maple Leafs
5 vs 5 Forward
Center Left Wing Right Wing Time % Phy DF OF
1 Brendan Morrison Alexander Frolov Claude Giroux 40 1 2 2
2 Rob Schremp Fabian Brunnstrom Byron Bitz 30 1 2 2
3 Ryan Carter Matt Pettinger Colby Armstrong 20 1 2 2
4 Claude Giroux Justin Abdelkader Blake Comeau 10 1 2 2
5 vs 5 Defense
Defense Defense Time % Phy DF OF
1 Dion Phaneuf Tobias Enstrom 40 1 2 2
2 Lubomir Visnovsky Braydon Coburn 30 1 2 2
3 Noah Welch Taylor Chorney 20 1 2 2
4 Cody Franson Dion Phaneuf 10 1 2 2
PowerPlay Forward
Center Left Wing Right Wing Time % Phy DF OF
1 Brendan Morrison Alexander Frolov Claude Giroux 60 1 2 2
2 Rob Schremp Fabian Brunnstrom Byron Bitz 40 1 2 2
PowerPlay Defense
Defense Defense Time % Phy DF OF
1 Dion Phaneuf Tobias Enstrom 60 1 2 2
2 Lubomir Visnovsky Braydon Coburn 40 1 2 2
Penalty Kill 4 Players Forward
Center Wing Time % Phy DF OF
1 Claude Giroux Brendan Morrison 60 1 2 2
2 Alexander Frolov Byron Bitz 40 1 2 2
Penalty Kill 4 Players Defense
Defense Defense Time % Phy DF OF
1 Dion Phaneuf Tobias Enstrom 60 1 2 2
2 Lubomir Visnovsky Braydon Coburn 40 1 2 2
Penalty Kill - 3 Players Forward
Forward Time % Phy DF OF
1 Claude Giroux 60 1 2 2
2 Brendan Morrison 40 1 2 2
Penalty Kill - 3 Players Defense
Defense Defense Time % Phy DF OF
1 Dion Phaneuf Tobias Enstrom 60 1 2 2
2 Lubomir Visnovsky Braydon Coburn 40 1 2 2
4 vs 4 Forward
Center Wing Time % Phy DF OF
1 Claude Giroux Brendan Morrison 60 1 2 2
2 Alexander Frolov Byron Bitz 40 1 2 2
4 vs 4 Defense
Defense Defense Time % Phy DF OF
1 Dion Phaneuf Tobias Enstrom 60 1 2 2
2 Lubomir Visnovsky Braydon Coburn 40 1 2 2
Last Minutes Offensive
Center Left Wing Right Wing Defense Defense
Brendan Morrison Alexander Frolov Claude Giroux Dion Phaneuf Tobias Enstrom
Last Minutes Defensive
Center Left Wing Right Wing Defense Defense
Brendan Morrison Alexander Frolov Claude Giroux Dion Phaneuf Tobias Enstrom
Goaltenders
Starting : Marc-André Fleury
Backup : Mike Smith
Extra Forwards
Normal : Colby Armstrong, Matt Pettinger, Blake Comeau - PP : Colby Armstrong, Matt Pettinger - PK : Blake Comeau
Extra Defensemen
Normal : Noah Welch, Taylor Chorney, Cody Franson - PP : Noah Welch - PK : Taylor Chorney, Cody Franson
Penalty Shots
Claude Giroux, Brendan Morrison, Alexander Frolov, Byron Bitz, Colby Armstrong
Devils
5 vs 5 Forward
Center Left Wing Right Wing Time % Phy DF OF
1 Vincent Lecavalier Zach Parise Maxim Afinogenov 40 1 2 2
2 Stephen Weiss Guillaume Latendresse Michael Frolik 30 1 2 2
3 Jason Arnott Ladislav Nagy Radim Vrbata 20 1 2 2
4 Chris Mcallister Greg Stewart Patrick Eaves 10 1 2 2
5 vs 5 Defense
Defense Defense Time % Phy DF OF
1 Jay Bouwmeester Mike Komisarek 40 1 2 2
2 Ben Lovejoy Mike Lundin 30 1 2 2
3 Matt Smaby Brad Ference 20 1 2 2
4 Jay Bouwmeester Mike Komisarek 10 1 2 2
PowerPlay Forward
Center Left Wing Right Wing Time % Phy DF OF
1 Vincent Lecavalier Zach Parise Maxim Afinogenov 60 1 2 2
2 Stephen Weiss Guillaume Latendresse Radim Vrbata 40 1 2 2
PowerPlay Defense
Defense Defense Time % Phy DF OF
1 Jay Bouwmeester Ben Lovejoy 60 1 2 2
2 Mike Komisarek Mike Lundin 40 1 2 2
Penalty Kill 4 Players Forward
Center Wing Time % Phy DF OF
1 Jason Arnott Guillaume Latendresse 60 1 2 2
2 Chris Mcallister Maxim Afinogenov 40 1 2 2
Penalty Kill 4 Players Defense
Defense Defense Time % Phy DF OF
1 Brad Ference Mike Lundin 60 1 2 2
2 Jay Bouwmeester Mike Komisarek 40 1 2 2
Penalty Kill - 3 Players Forward
Forward Time % Phy DF OF
1 Jason Arnott 60 1 2 2
2 Zach Parise 40 1 2 2
Penalty Kill - 3 Players Defense
Defense Defense Time % Phy DF OF
1 Jay Bouwmeester Mike Komisarek 60 1 2 2
2 Ben Lovejoy Mike Lundin 40 1 2 2
4 vs 4 Forward
Center Wing Time % Phy DF OF
1 Vincent Lecavalier Zach Parise 60 1 2 2
2 Stephen Weiss Maxim Afinogenov 40 1 2 2
4 vs 4 Defense
Defense Defense Time % Phy DF OF
1 Jay Bouwmeester Mike Komisarek 60 1 2 2
2 Ben Lovejoy Mike Lundin 40 1 2 2
Last Minutes Offensive
Center Left Wing Right Wing Defense Defense
Vincent Lecavalier Zach Parise Maxim Afinogenov Jay Bouwmeester Mike Komisarek
Last Minutes Defensive
Center Left Wing Right Wing Defense Defense
Vincent Lecavalier Zach Parise Maxim Afinogenov Jay Bouwmeester Mike Komisarek
Goaltenders
Starting : Dan Ellis
Backup : Viktor Fasth
Extra Forwards
Normal : Stephen Weiss, Jason Arnott, Ladislav Nagy - PP : Stephen Weiss, Jason Arnott - PK : Ladislav Nagy
Extra Defensemen
Normal : Matt Smaby, Brad Ference, Ben Lovejoy - PP : Matt Smaby - PK : Brad Ference, Ben Lovejoy
Penalty Shots
Vincent Lecavalier, Zach Parise, Radim Vrbata, Maxim Afinogenov, Stephen Weiss
% Time on Ice - Maple Leafs
Lines # - Real PCT - Wanted PCT - Time Play
Normal Forward
1 - 33% - 40% - 13:49
2 - 32% - 30% - 13:27
3 - 23% - 20% - 9:36
4 - 12% - 10% - 5:14
Normal Defense
1 - 40% - 40% - 16:54
2 - 31% - 30% - 13:06
3 - 23% - 20% - 9:37
4 - 6% - 10% - 2:29
PP Forward
1 - 58% - 60% - 2:03
2 - 42% - 40% - 1:29
PP Defense
1 - 73% - 60% - 2:35
2 - 27% - 40% - 0:57
PK Forward
1 - 80% - 60% - 11:11
2 - 20% - 40% - 2:49
PK Defense
1 - 56% - 60% - 7:51
2 - 44% - 40% - 6:09
PK3 Forward
1 - 100% - 60% - 0:22
2 - 0% - 40% - 0:00
PK3 Defense
1 - 100% - 60% - 0:22
2 - 0% - 40% - 0:00
44 Forward
1 - 0% - 60%
2 - 0% - 40%
44 Defense
1 - 0% - 60%
2 - 0% - 40%
Last Minute Offensive - 0:00
Last Minute Defensive - 0:00
Total
Forward - 60:00
Defense - 60:00
|
% Time on Ice - Devils
Lines # - Real PCT - Wanted PCT - Time Play
Normal Forward
1 - 38% - 40% - 16:06
2 - 28% - 30% - 11:38
3 - 19% - 20% - 7:54
4 - 15% - 10% - 6:28
Normal Defense
1 - 37% - 40% - 15:46
2 - 28% - 30% - 11:46
3 - 27% - 20% - 11:15
4 - 8% - 10% - 3:19
PP Forward
1 - 53% - 60% - 7:33
2 - 47% - 40% - 6:49
PP Defense
1 - 59% - 60% - 8:28
2 - 41% - 40% - 5:54
PK Forward
1 - 75% - 60% - 2:39
2 - 25% - 40% - 0:53
PK Defense
1 - 64% - 60% - 2:15
2 - 36% - 40% - 1:17
PK3 Forward
1 - 0% - 60%
2 - 0% - 40%
PK3 Defense
1 - 0% - 60%
2 - 0% - 40%
44 Forward
1 - 0% - 60%
2 - 0% - 40%
44 Defense
1 - 0% - 60%
2 - 0% - 40%
Last Minute Offensive - 0:00
Last Minute Defensive - 0:00
Total
Forward - 60:00
Defense - 60:00
|
Play by Play
1st period
0:01 of 1st period - Brendan Morrison wins face-off versus Vincent Lecavalier in neutral zone.
0:25 of 1st period - Tobias Enstrom is hit by Stephen Weiss and loses puck.
0:34 of 1st period - Snap shot by Guillaume Latendresse.
0:34 of 1st period - Stopped by Marc-André Fleury without a rebound.
0:35 of 1st period - Ryan Carter wins face-off versus Jason Arnott in Maple Leafs zone.
0:35 of 1st period - Ryan Carter is hit by Jason Arnott.
0:47 of 1st period - Backhand shot by Radim Vrbata.
0:47 of 1st period - Stopped by Marc-André Fleury without a rebound.
0:48 of 1st period - Greg Stewart wins face-off versus Claude Giroux in Maple Leafs zone.
1:13 of 1st period - Chris Mcallister is hit by Colby Armstrong and loses puck.
1:36 of 1st period - Slapshot by Vincent Lecavalier.
1:36 of 1st period - Shot Blocked by Braydon Coburn.
1:59 of 1st period - Snap shot by Stephen Weiss.
1:59 of 1st period - Stopped by Marc-André Fleury with a rebound.
2:25 of 1st period - Snap shot by Radim Vrbata.
2:25 of 1st period - Shot Misses the Net.
2:45 of 1st period - Wrist shot by Fabian Brunnstrom.
2:45 of 1st period - Shot Misses the Net.
2:55 of 1st period - Guillaume Latendresse is hit by Alexander Frolov and loses puck.
3:00 of 1st period - Wrist shot by Claude Giroux.
3:00 of 1st period - Shot Misses the Net.
3:48 of 1st period - Taylor Chorney is hit by Guillaume Latendresse.
3:57 of 1st period - Icing by Maxim Afinogenov.
3:58 of 1st period - Vincent Lecavalier wins face-off versus Ryan Carter in Devils zone.
4:05 of 1st period - Snap shot by Zach Parise.
4:05 of 1st period - Stopped by Marc-André Fleury without a rebound.
4:06 of 1st period - Brendan Morrison wins face-off versus Vincent Lecavalier in Maple Leafs zone.
4:14 of 1st period - Off-side.
4:15 of 1st period - Vincent Lecavalier wins face-off versus Brendan Morrison in neutral zone.
4:39 of 1st period - Slapshot by Zach Parise.
4:39 of 1st period - Stopped by Marc-André Fleury with a rebound.
4:55 of 1st period - Wrist shot by Maxim Afinogenov.
4:55 of 1st period - Deflect By Zach Parise.
4:55 of 1st period - Shot Blocked by Alexander Frolov.
4:55 of 1st period - Puck is out of play.
4:56 of 1st period - Stephen Weiss wins face-off versus Rob Schremp in Maple Leafs zone.
6:52 of 1st period - Slapshot by Jason Arnott.
6:52 of 1st period - Deflect By Ladislav Nagy.
6:52 of 1st period - Shot Misses the Net.
6:52 of 1st period - Puck is out of play.
6:53 of 1st period - Rob Schremp wins face-off versus Jason Arnott in Maple Leafs zone.
8:19 of 1st period - Slapshot by Radim Vrbata.
8:19 of 1st period - Shot Misses the Net.
8:38 of 1st period - Icing by Tobias Enstrom.
8:39 of 1st period - Vincent Lecavalier wins face-off versus Ryan Carter in Maple Leafs zone.
8:44 of 1st period - Slapshot by Zach Parise.
8:44 of 1st period - Stopped by Marc-André Fleury without a rebound.
8:45 of 1st period - Brendan Morrison wins face-off versus Vincent Lecavalier in Maple Leafs zone.
8:52 of 1st period - Snap shot by Vincent Lecavalier.
8:52 of 1st period - Deflect By Zach Parise.
8:52 of 1st period - Stopped by Marc-André Fleury with a rebound.
9:02 of 1st period - Snap shot by Vincent Lecavalier.
9:02 of 1st period - Deflect By Zach Parise.
9:02 of 1st period - Shot Blocked by Tobias Enstrom.
9:02 of 1st period - Puck is out of play.
9:03 of 1st period - Stephen Weiss wins face-off versus Rob Schremp in Maple Leafs zone.
9:18 of 1st period - Snap shot by Michael Frolik.
9:18 of 1st period - Deflect By Guillaume Latendresse.
9:18 of 1st period - Shot Blocked by Dion Phaneuf.
9:18 of 1st period - Puck is out of play.
9:19 of 1st period - Maxim Afinogenov wins face-off versus Alexander Frolov in Maple Leafs zone.
9:20 of 1st period - Slapshot by Vincent Lecavalier.
9:20 of 1st period - Stopped by Marc-André Fleury with a rebound.
9:22 of 1st period - Snap shot by Zach Parise.
9:22 of 1st period - Shot Misses the Net.
9:24 of 1st period - Slapshot by Mike Komisarek.
9:24 of 1st period - Stopped by Marc-André Fleury with a rebound.
9:56 of 1st period - Wrist shot by Ladislav Nagy.
9:56 of 1st period - Stopped by Marc-André Fleury without a rebound.
9:57 of 1st period - Stephen Weiss wins face-off versus Rob Schremp in Maple Leafs zone.
11:07 of 1st period - Slapshot by Lubomir Visnovsky.
11:07 of 1st period - Shot Blocked by Jay Bouwmeester.
11:09 of 1st period - Slapshot by Rob Schremp.
11:09 of 1st period - Stopped by Dan Ellis with a rebound.
11:11 of 1st period - Slapshot by Braydon Coburn.
11:11 of 1st period - Shot Misses the Net.
11:37 of 1st period - Snap shot by Stephen Weiss.
11:37 of 1st period - Shot Misses the Net.
11:55 of 1st period - Wrist shot by Colby Armstrong.
11:55 of 1st period - Stopped by Dan Ellis without a rebound.
11:56 of 1st period - Stephen Weiss wins face-off versus Rob Schremp in Devils zone.
11:56 of 1st period - Stephen Weiss is hit by Noah Welch.
12:22 of 1st period - Zach Parise is hit by Taylor Chorney and loses puck.
12:27 of 1st period - Wrist shot by Matt Pettinger.
12:27 of 1st period - Shot Misses the Net.
12:44 of 1st period - Minor Penalty to Mike Lundin for Roughing.
12:45 of 1st period - Jason Arnott wins face-off versus Brendan Morrison in Devils zone.
13:10 of 1st period - Jason Arnott is hit by Byron Bitz and loses puck.
13:15 of 1st period - Wrist shot by Byron Bitz.
13:15 of 1st period - Stopped by Dan Ellis without a rebound.
13:16 of 1st period - Jason Arnott wins face-off versus Rob Schremp in Devils zone.
13:16 of 1st period - Jason Arnott is hit by Byron Bitz.
13:34 of 1st period - Wrist shot by Alexander Frolov.
13:34 of 1st period - Shot Misses the Net.
13:36 of 1st period - Slapshot by Braydon Coburn.
13:36 of 1st period - Shot Blocked by Brad Ference.
13:38 of 1st period - Wrist shot by Alexander Frolov.
13:38 of 1st period - Deflect By Brendan Morrison.
13:38 of 1st period - Shot Misses the Net.
13:38 of 1st period - Puck is out of play.
13:39 of 1st period - Brendan Morrison wins face-off versus Chris Mcallister in Devils zone.
13:44 of 1st period - Snap shot by Alexander Frolov.
13:44 of 1st period - Stopped by Dan Ellis with a rebound.
13:46 of 1st period - Wrist shot by Claude Giroux.
13:46 of 1st period - Deflect By Maxim Afinogenov.
13:46 of 1st period - Stopped by Dan Ellis without a rebound.
13:47 of 1st period - Jason Arnott wins face-off versus Brendan Morrison in Devils zone.
14:44 of 1st period - Penalty to Mike Lundin is over, Mike Lundin is back on ice.
14:54 of 1st period - Brad Ference is hit by Matt Pettinger and loses puck.
15:10 of 1st period - Icing by Brad Ference.
15:11 of 1st period - Claude Giroux wins face-off versus Chris Mcallister in Devils zone.
15:20 of 1st period - Snap shot by Claude Giroux.
15:20 of 1st period - Stopped by Dan Ellis with a rebound.
15:32 of 1st period - Minor Penalty to Rob Schremp for Hooking.
15:33 of 1st period - Vincent Lecavalier wins face-off versus Claude Giroux in Maple Leafs zone.
15:48 of 1st period - Wrist shot by Maxim Afinogenov.
15:48 of 1st period - Stopped by Marc-André Fleury without a rebound.
15:49 of 1st period - Vincent Lecavalier wins face-off versus Claude Giroux in Maple Leafs zone.
15:50 of 1st period - Snap shot by Zach Parise.
15:50 of 1st period - Stopped by Marc-André Fleury with a rebound.
16:12 of 1st period - Claude Giroux is hit by Guillaume Latendresse and loses puck.
16:23 of 1st period - Wrist shot by Radim Vrbata.
16:23 of 1st period - Goal by Radim Vrbata - Maple Leafs : 0 - Devils : 1.
16:24 of 1st period - Brendan Morrison wins face-off versus Stephen Weiss in neutral zone.
16:49 of 1st period - Mike Komisarek is hit by Fabian Brunnstrom and loses puck.
17:16 of 1st period - Slapshot by Radim Vrbata.
17:16 of 1st period - Stopped by Marc-André Fleury without a rebound.
17:17 of 1st period - Brendan Morrison wins face-off versus Jason Arnott in Maple Leafs zone.
17:44 of 1st period - Ben Lovejoy is hit by Matt Pettinger and loses puck.
17:51 of 1st period - Slapshot by Colby Armstrong.
17:51 of 1st period - Shot Misses the Net.
17:53 of 1st period - Slapshot by Dion Phaneuf.
17:53 of 1st period - Stopped by Dan Ellis with a rebound.
18:13 of 1st period - Ben Lovejoy is hit by Byron Bitz and loses puck.
18:41 of 1st period - Icing by Michael Frolik.
18:42 of 1st period - Claude Giroux wins face-off versus Michael Frolik in Devils zone.
18:51 of 1st period - Snap shot by Fabian Brunnstrom.
18:51 of 1st period - Stopped by Dan Ellis without a rebound.
18:52 of 1st period - Rob Schremp wins face-off versus Vincent Lecavalier in Devils zone.
18:53 of 1st period - Wrist shot by Byron Bitz.
18:53 of 1st period - Stopped by Dan Ellis without a rebound.
18:54 of 1st period - Maxim Afinogenov wins face-off versus Brendan Morrison in Devils zone.
19:41 of 1st period - Matt Smaby is hit by Ryan Carter and loses puck.
19:42 of 1st period - Matt Smaby from Devils is injured at 19:42 of 1st period (Bruised Left Leg).
19:43 of 1st period - Vincent Lecavalier wins face-off versus Brendan Morrison in Devils zone.
Goals for this period are 0 for Maple Leafs vs 1 for Devils.
Shots for this period are 9 for Maple Leafs vs 14 for Devils.
2nd period
0:01 of 2nd period - Brendan Morrison wins face-off versus Vincent Lecavalier in neutral zone.
0:09 of 2nd period - Off-side.
0:10 of 2nd period - Vincent Lecavalier wins face-off versus Brendan Morrison in neutral zone.
0:31 of 2nd period - Snap shot by Claude Giroux.
0:31 of 2nd period - Shot Misses the Net.
0:33 of 2nd period - Slapshot by Tobias Enstrom.
0:33 of 2nd period - Shot Misses the Net.
0:49 of 2nd period - Snap shot by Claude Giroux.
0:49 of 2nd period - Stopped by Dan Ellis with a rebound.
0:51 of 2nd period - Slapshot by Tobias Enstrom.
0:51 of 2nd period - Shot Misses the Net.
0:55 of 2nd period - Backhand shot by Claude Giroux.
0:55 of 2nd period - Shot Misses the Net.
1:21 of 2nd period - Snap shot by Claude Giroux.
1:21 of 2nd period - Shot Misses the Net.
1:23 of 2nd period - Slapshot by Tobias Enstrom.
1:23 of 2nd period - Stopped by Dan Ellis with a rebound.
1:25 of 2nd period - Snap shot by Brendan Morrison.
1:25 of 2nd period - Stopped by Dan Ellis with a rebound.
1:27 of 2nd period - Snap shot by Brendan Morrison.
1:27 of 2nd period - Stopped by Dan Ellis with a rebound.
1:29 of 2nd period - Wrist shot by Claude Giroux.
1:29 of 2nd period - Shot Blocked by Mike Komisarek.
1:31 of 2nd period - Backhand shot by Brendan Morrison.
1:31 of 2nd period - Deflect By Alexander Frolov.
1:31 of 2nd period - Stopped by Dan Ellis with a rebound.
1:49 of 2nd period - Wrist shot by Zach Parise.
1:49 of 2nd period - Shot Misses the Net.
2:25 of 2nd period - Snap shot by Claude Giroux.
2:25 of 2nd period - Stopped by Dan Ellis without a rebound.
2:26 of 2nd period - Byron Bitz wins face-off versus Stephen Weiss in Devils zone.
2:31 of 2nd period - Wrist shot by Fabian Brunnstrom.
2:31 of 2nd period - Deflect By Byron Bitz.
2:31 of 2nd period - Stopped by Dan Ellis without a rebound.
2:32 of 2nd period - Stephen Weiss wins face-off versus Rob Schremp in Devils zone.
2:32 of 2nd period - Stephen Weiss is hit by Byron Bitz.
2:45 of 2nd period - Minor Penalty to Byron Bitz for Hooking.
2:46 of 2nd period - Blake Comeau wins face-off versus Stephen Weiss in Maple Leafs zone.
2:58 of 2nd period - Blake Comeau is hit by Guillaume Latendresse and loses puck.
3:59 of 2nd period - Rob Schremp is hit by Mike Komisarek and loses puck.
4:45 of 2nd period - Penalty to Byron Bitz is over, Byron Bitz is back on ice.
5:06 of 2nd period - Minor Penalty to Ladislav Nagy for Tripping.
5:07 of 2nd period - Claude Giroux wins face-off versus Jason Arnott in Devils zone.
5:08 of 2nd period - Snap shot by Alexander Frolov.
5:08 of 2nd period - Stopped by Dan Ellis without a rebound.
5:09 of 2nd period - Brendan Morrison wins face-off versus Jason Arnott in Devils zone.
5:40 of 2nd period - Slapshot by Tobias Enstrom.
5:40 of 2nd period - Shot Misses the Net.
5:42 of 2nd period - Slapshot by Tobias Enstrom.
5:42 of 2nd period - Shot Misses the Net.
5:44 of 2nd period - Slapshot by Tobias Enstrom.
5:44 of 2nd period - Stopped by Dan Ellis without a rebound.
5:45 of 2nd period - Rob Schremp wins face-off versus Chris Mcallister in Devils zone.
6:00 of 2nd period - Slapshot by Byron Bitz.
6:00 of 2nd period - Goal by Byron Bitz - Maple Leafs : 1 - Devils : 1.
6:01 of 2nd period - Stephen Weiss wins face-off versus Brendan Morrison in neutral zone.
6:03 of 2nd period - Off-side.
6:04 of 2nd period - Brendan Morrison wins face-off versus Stephen Weiss in neutral zone.
6:31 of 2nd period - Backhand shot by Zach Parise.
6:31 of 2nd period - Shot Misses the Net.
6:47 of 2nd period - Vincent Lecavalier is hit by Alexander Frolov and loses puck.
6:58 of 2nd period - Alexander Frolov is hit by Vincent Lecavalier and loses puck.
7:03 of 2nd period - Snap shot by Vincent Lecavalier.
7:03 of 2nd period - Stopped by Marc-André Fleury without a rebound.
7:04 of 2nd period - Stephen Weiss wins face-off versus Rob Schremp in Maple Leafs zone.
9:20 of 2nd period - Snap shot by Matt Pettinger.
9:20 of 2nd period - Goal by Matt Pettinger - Maple Leafs : 2 - Devils : 1.
9:21 of 2nd period - Brendan Morrison wins face-off versus Vincent Lecavalier in neutral zone.
9:23 of 2nd period - Off-side.
9:24 of 2nd period - Vincent Lecavalier wins face-off versus Brendan Morrison in neutral zone.
9:31 of 2nd period - Wrist shot by Vincent Lecavalier.
9:31 of 2nd period - Goal by Vincent Lecavalier - Maple Leafs : 2 - Devils : 2.
9:32 of 2nd period - Michael Frolik wins face-off versus Brendan Morrison in neutral zone.
9:37 of 2nd period - Slapshot by Jay Bouwmeester.
9:37 of 2nd period - Stopped by Marc-André Fleury with a rebound.
9:39 of 2nd period - Minor Penalty to Lubomir Visnovsky for Tripping.
9:40 of 2nd period - Vincent Lecavalier wins face-off versus Claude Giroux in Maple Leafs zone.
9:41 of 2nd period - Wrist shot by Maxim Afinogenov.
9:41 of 2nd period - Stopped by Marc-André Fleury with a rebound.
9:43 of 2nd period - Wrist shot by Ben Lovejoy.
9:43 of 2nd period - Stopped by Marc-André Fleury with a rebound.
9:55 of 2nd period - Slapshot by Ben Lovejoy.
9:55 of 2nd period - Stopped by Marc-André Fleury without a rebound.
9:56 of 2nd period - Claude Giroux wins face-off versus Vincent Lecavalier in Maple Leafs zone.
9:56 of 2nd period - Claude Giroux is hit by Ben Lovejoy.
10:10 of 2nd period - Snap shot by Vincent Lecavalier.
10:10 of 2nd period - Shot Blocked by Claude Giroux.
10:20 of 2nd period - Jay Bouwmeester is hit by Alexander Frolov and loses puck.
11:17 of 2nd period - Ben Lovejoy is hit by Alexander Frolov and loses puck.
11:39 of 2nd period - Penalty to Lubomir Visnovsky is over, Lubomir Visnovsky is back on ice.
12:05 of 2nd period - Byron Bitz is hit by Mike Komisarek and loses puck.
12:25 of 2nd period - Guillaume Latendresse is hit by Justin Abdelkader and loses puck.
12:40 of 2nd period - Ryan Carter is hit by Jay Bouwmeester and loses puck.
12:49 of 2nd period - Patrick Eaves is hit by Ryan Carter and loses puck.
13:16 of 2nd period - Alexander Frolov is hit by Ben Lovejoy and loses puck.
13:35 of 2nd period - Justin Abdelkader is hit by Stephen Weiss and loses puck.
14:08 of 2nd period - Chris Mcallister is hit by Taylor Chorney and loses puck.
14:21 of 2nd period - Taylor Chorney is hit by Stephen Weiss and loses puck.
15:38 of 2nd period - Snap shot by Jason Arnott.
15:38 of 2nd period - Stopped by Marc-André Fleury with a rebound.
15:40 of 2nd period - Snap shot by Brad Ference.
15:40 of 2nd period - Deflect By Brendan Morrison.
15:40 of 2nd period - Stopped by Marc-André Fleury without a rebound.
15:41 of 2nd period - Vincent Lecavalier wins face-off versus Brendan Morrison in Maple Leafs zone.
15:52 of 2nd period - Wrist shot by Vincent Lecavalier.
15:52 of 2nd period - Stopped by Marc-André Fleury with a rebound.
15:54 of 2nd period - Wrist shot by Zach Parise.
15:54 of 2nd period - Shot Misses the Net.
16:20 of 2nd period - Minor Penalty to Noah Welch for Diving.
16:21 of 2nd period - Claude Giroux wins face-off versus Vincent Lecavalier in Maple Leafs zone.
16:51 of 2nd period - Lubomir Visnovsky is hit by Stephen Weiss.
17:50 of 2nd period - Maxim Afinogenov is hit by Dion Phaneuf and loses puck.
17:57 of 2nd period - Blake Comeau is hit by Maxim Afinogenov and loses puck.
18:20 of 2nd period - Penalty to Noah Welch is over, Noah Welch is back on ice.
18:21 of 2nd period - Icing by Claude Giroux.
18:22 of 2nd period - Stephen Weiss wins face-off versus Rob Schremp in Maple Leafs zone.
18:35 of 2nd period - Backhand shot by Colby Armstrong.
18:35 of 2nd period - Stopped by Dan Ellis with a rebound.
18:37 of 2nd period - Snap shot by Colby Armstrong.
18:37 of 2nd period - Shot Blocked by Jay Bouwmeester.
18:39 of 2nd period - Slapshot by Ryan Carter.
18:39 of 2nd period - Shot Misses the Net.
18:41 of 2nd period - Snap shot by Ryan Carter.
18:41 of 2nd period - Shot Blocked by Ben Lovejoy.
18:57 of 2nd period - Wrist shot by Byron Bitz.
18:57 of 2nd period - Stopped by Dan Ellis without a rebound.
18:58 of 2nd period - Rob Schremp wins face-off versus Vincent Lecavalier in Devils zone.
19:59 of 2nd period - Guillaume Latendresse is hit by Noah Welch.
Goals for this period are 2 for Maple Leafs vs 1 for Devils.
Shots for this period are 13 for Maple Leafs vs 9 for Devils.
3rd period
0:01 of 3rd period - Claude Giroux wins face-off versus Vincent Lecavalier in neutral zone.
0:22 of 3rd period - Minor Penalty to Dion Phaneuf for Holding.
0:23 of 3rd period - Claude Giroux wins face-off versus Vincent Lecavalier in Maple Leafs zone.
1:49 of 3rd period - Icing by Ben Lovejoy.
1:50 of 3rd period - Alexander Frolov wins face-off versus Guillaume Latendresse in Devils zone.
1:59 of 3rd period - Minor Penalty to Lubomir Visnovsky for Hooking.
2:00 of 3rd period - Vincent Lecavalier wins face-off versus Claude Giroux in Maple Leafs zone.
2:13 of 3rd period - Snap shot by Maxim Afinogenov.
2:13 of 3rd period - Shot Blocked by Taylor Chorney.
2:15 of 3rd period - Snap shot by Ben Lovejoy.
2:15 of 3rd period - Shot Misses the Net.
2:17 of 3rd period - Backhand shot by Vincent Lecavalier.
2:17 of 3rd period - Stopped by Marc-André Fleury with a rebound.
2:22 of 3rd period - Penalty to Dion Phaneuf is over, Dion Phaneuf is back on ice.
2:52 of 3rd period - Off-side.
2:53 of 3rd period - Claude Giroux wins face-off versus Stephen Weiss in neutral zone.
3:45 of 3rd period - Zach Parise is hit by Braydon Coburn and loses puck.
3:59 of 3rd period - Penalty to Lubomir Visnovsky is over, Lubomir Visnovsky is back on ice.
4:21 of 3rd period - Off-side.
4:22 of 3rd period - Stephen Weiss wins face-off versus Ryan Carter in neutral zone.
4:29 of 3rd period - Taylor Chorney is hit by Brad Ference.
5:06 of 3rd period - Slapshot by Mike Komisarek.
5:06 of 3rd period - Stopped by Marc-André Fleury without a rebound.
5:07 of 3rd period - Vincent Lecavalier wins face-off versus Brendan Morrison in Maple Leafs zone.
5:08 of 3rd period - Wrist shot by Zach Parise.
5:08 of 3rd period - Shot Misses the Net.
5:53 of 3rd period - Slapshot by Blake Comeau.
5:53 of 3rd period - Stopped by Dan Ellis without a rebound.
5:54 of 3rd period - Claude Giroux wins face-off versus Vincent Lecavalier in Devils zone.
6:05 of 3rd period - Wrist shot by Justin Abdelkader.
6:05 of 3rd period - Deflect By Blake Comeau.
6:05 of 3rd period - Stopped by Dan Ellis with a rebound.
6:07 of 3rd period - Snap shot by Justin Abdelkader.
6:07 of 3rd period - Shot Hit the Post.
6:51 of 3rd period - Slapshot by Greg Stewart.
6:51 of 3rd period - Stopped by Marc-André Fleury without a rebound.
6:52 of 3rd period - Chris Mcallister wins face-off versus Rob Schremp in Maple Leafs zone.
7:01 of 3rd period - Wrist shot by Byron Bitz.
7:01 of 3rd period - Shot Misses the Net.
7:03 of 3rd period - Wrist shot by Fabian Brunnstrom.
7:03 of 3rd period - Shot Misses the Net.
7:05 of 3rd period - Wrist shot by Tobias Enstrom.
7:05 of 3rd period - Deflect By Fabian Brunnstrom.
7:05 of 3rd period - Goal by Fabian Brunnstrom - Maple Leafs : 3 - Devils : 2.
7:06 of 3rd period - Rob Schremp wins face-off versus Vincent Lecavalier in neutral zone.
7:21 of 3rd period - Wrist shot by Fabian Brunnstrom.
7:21 of 3rd period - Shot Blocked by Maxim Afinogenov.
7:37 of 3rd period - Snap shot by Stephen Weiss.
7:37 of 3rd period - Shot Misses the Net.
7:39 of 3rd period - Snap shot by Guillaume Latendresse.
7:39 of 3rd period - Devils goal is going for a video replay.
7:39 of 3rd period - The goal is refused. The goalkeeper has been pushed into the net together with the puck after making a save..
7:40 of 3rd period - Stephen Weiss wins face-off versus Alexander Frolov in Maple Leafs zone.
7:41 of 3rd period - Wrist shot by Michael Frolik.
7:41 of 3rd period - Stopped by Marc-André Fleury with a rebound.
7:43 of 3rd period - Slapshot by Ben Lovejoy.
7:43 of 3rd period - Stopped by Marc-André Fleury without a rebound.
7:44 of 3rd period - Michael Frolik wins face-off versus Brendan Morrison in Maple Leafs zone.
7:54 of 3rd period - Minor Penalty to Brendan Morrison for Interference.
7:55 of 3rd period - Claude Giroux wins face-off versus Vincent Lecavalier in Maple Leafs zone.
7:55 of 3rd period - Claude Giroux is hit by Zach Parise.
9:07 of 3rd period - Wrist shot by Fabian Brunnstrom.
9:07 of 3rd period - Shot Misses the Net.
9:54 of 3rd period - Penalty to Brendan Morrison is over, Brendan Morrison is back on ice.
10:01 of 3rd period - Slapshot by Ben Lovejoy.
10:01 of 3rd period - Shot Blocked by Colby Armstrong.
10:03 of 3rd period - Snap shot by Patrick Eaves.
10:03 of 3rd period - Shot Misses the Net.
10:05 of 3rd period - Wrist shot by Chris Mcallister.
10:05 of 3rd period - Stopped by Marc-André Fleury without a rebound.
10:06 of 3rd period - Chris Mcallister wins face-off versus Ryan Carter in Maple Leafs zone.
10:09 of 3rd period - Snap shot by Patrick Eaves.
10:09 of 3rd period - Stopped by Marc-André Fleury without a rebound.
10:10 of 3rd period - Chris Mcallister wins face-off versus Ryan Carter in Maple Leafs zone.
10:11 of 3rd period - Snap shot by Greg Stewart.
10:11 of 3rd period - Shot Blocked by Noah Welch.
10:13 of 3rd period - Slapshot by Greg Stewart.
10:13 of 3rd period - Stopped by Marc-André Fleury with a rebound.
10:43 of 3rd period - Slapshot by Brendan Morrison.
10:43 of 3rd period - Shot Misses the Net.
10:45 of 3rd period - Wrist shot by Brendan Morrison.
10:45 of 3rd period - Stopped by Dan Ellis without a rebound.
10:46 of 3rd period - Vincent Lecavalier wins face-off versus Claude Giroux in Devils zone.
11:23 of 3rd period - Minor Penalty to Michael Frolik for Hooking.
11:24 of 3rd period - Jason Arnott wins face-off versus Brendan Morrison in Devils zone.
12:02 of 3rd period - Wrist shot by Fabian Brunnstrom.
12:02 of 3rd period - Goal by Fabian Brunnstrom - Maple Leafs : 4 - Devils : 2.
12:03 of 3rd period - Vincent Lecavalier wins face-off versus Brendan Morrison in neutral zone.
12:22 of 3rd period - Alexander Frolov is hit by Jay Bouwmeester and loses puck.
12:55 of 3rd period - Snap shot by Dion Phaneuf.
12:55 of 3rd period - Shot Blocked by Radim Vrbata.
12:57 of 3rd period - Wrist shot by Ryan Carter.
12:57 of 3rd period - Stopped by Dan Ellis without a rebound.
12:58 of 3rd period - Jason Arnott wins face-off versus Ryan Carter in Devils zone.
12:58 of 3rd period - Jason Arnott is hit by Colby Armstrong.
13:03 of 3rd period - Off-side.
13:04 of 3rd period - Maxim Afinogenov wins face-off versus Brendan Morrison in neutral zone.
13:53 of 3rd period - Slapshot by Jay Bouwmeester.
13:53 of 3rd period - Stopped by Marc-André Fleury without a rebound.
13:54 of 3rd period - Vincent Lecavalier wins face-off versus Brendan Morrison in Maple Leafs zone.
14:00 of 3rd period - Minor Penalty to Brendan Morrison for Interference.
14:01 of 3rd period - Vincent Lecavalier wins face-off versus Claude Giroux in Maple Leafs zone.
14:17 of 3rd period - Wrist shot by Zach Parise.
14:17 of 3rd period - Stopped by Marc-André Fleury with a rebound.
16:00 of 3rd period - Penalty to Brendan Morrison is over, Brendan Morrison is back on ice.
16:11 of 3rd period - Wrist shot by Jason Arnott.
16:11 of 3rd period - Shot Blocked by Tobias Enstrom.
17:24 of 3rd period - Snap shot by Radim Vrbata.
17:24 of 3rd period - Stopped by Marc-André Fleury without a rebound.
17:25 of 3rd period - Rob Schremp wins face-off versus Jason Arnott in Maple Leafs zone.
17:37 of 3rd period - Jason Arnott is hit by Rob Schremp.
17:57 of 3rd period - Off-side.
17:58 of 3rd period - Vincent Lecavalier wins face-off versus Blake Comeau in neutral zone.
18:12 of 3rd period - Blake Comeau is hit by Maxim Afinogenov and loses puck.
18:29 of 3rd period - Slapshot by Colby Armstrong.
18:29 of 3rd period - Shot Misses the Net.
18:33 of 3rd period - Wrist shot by Colby Armstrong.
18:33 of 3rd period - Stopped by Dan Ellis without a rebound.
18:34 of 3rd period - Jason Arnott wins face-off versus Brendan Morrison in Devils zone.
18:45 of 3rd period - Alexander Frolov is hit by Mike Lundin and loses puck.
18:50 of 3rd period - Snap shot by Ladislav Nagy.
18:50 of 3rd period - Stopped by Marc-André Fleury without a rebound.
18:51 of 3rd period - Vincent Lecavalier wins face-off versus Ryan Carter in Maple Leafs zone.
19:24 of 3rd period - Snap shot by Fabian Brunnstrom.
19:24 of 3rd period - Shot Misses the Net.
19:48 of 3rd period - Snap shot by Blake Comeau.
19:48 of 3rd period - Shot Blocked by Ben Lovejoy.
Goals for this period are 2 for Maple Leafs vs 0 for Devils.
Shots for this period are 7 for Maple Leafs vs 13 for Devils.
Output by the SimonT Hockey Simulator (STHS) for François Prévost -- Original Page W3C XHTML 1.0 Valid